 Dungeon Crawl Stone Soup version 0.28.0 (webtiles) character file.

Game seed: 12220568806538777183

1349 crazypyro the Cleaver (level 8, -8/58 HPs)
             Began as a Demonspawn Gladiator on Feb 5, 2022.
             Was an Elder of Jiyva.
             Succumbed to a killer bee's poison
             ... on level 6 of the Dungeon.
             The game lasted 00:07:28 (5517 turns).

crazypyro the Cleaver (Demonspawn Gladiator)        Turns: 5517, Time: 00:07:28

Health: -8/58      AC:  8    Str: 17    XL:     8   Next: 36%
Magic:  8/8        EV: 12    Int: 13    God:    Jiyva [****..]
Gold:   22         SH:  0    Dex: 18    Spells: 7/7 levels left

rFire   . . .      SeeInvis .   a - +6 broad axe "Itoptir" {pain, Fly Int+4 Dex+3}
rCold   . . .      Faith    .   (no shield)
rNeg    . . .      Spirit   .   p - +0 scale mail
rPois   .          Reflect  .   c - +0 helmet
rElec   .          Harm     .   (no cloak)
rCorr   +          Rampage  .   (no gloves)
Will    +....                   (no boots)
Stlth   +.........              (no amulet)
HPRegen 1.47/turn               i - ring of willpower
MPRegen 0.51/turn               (no ring)

@: mighty, lethally poisoned (-8 -> -50), flying
A: sturdy frame 2, weakness stinger 1, wild magic 3, jelly sensing items
a: Renounce Religion, Oozemancy, Slimify


You were on level 6 of the Dungeon.
You worshipped Jiyva.
Jiyva was greatly pleased with you.
You visited 1 branch of the dungeon, and saw 6 of its levels.

You collected 211 gold pieces.
You spent 189 gold pieces at shops.

Inventory:

Hand Weapons
 a - the +6 broad axe "Itoptir" (weapon) {pain, Fly Int+4 Dex+3}
   (You bought it in a shop on level 4 of the Dungeon)

   In the hands of one skilled in necromantic magic, it inflicts extra damage on
   living creatures.
   Int:       It affects your intelligence (+4).
   Dex:       It affects your dexterity (+3).
   Fly:       It grants you flight.
 b - the +4 hunting sling "Eboixy" {venom, Fly Will+ Dex+6}
   (You found it on level 4 of the Dungeon)

   Any ammunition fired from it poisons the flesh of those it strikes.
   Dex:       It affects your dexterity (+6).
   Fly:       It grants you flight.
   Will:      It increases your willpower.
 t - the +4 long sword "Meudgham" {venom, *Noise Dex+9}
   (You found it on level 4 of the Dungeon)

   It poisons the flesh of those it strikes.
   Dex:       It affects your dexterity (+9).
   *Noise:    It may make noises in combat.
 A - a +0 war axe
Missiles
 d - 2 throwing nets (quivered)
 x - 72 stones
Armour
 c - a +0 helmet (worn)
 o - a +0 ring mail
 p - a +0 scale mail (worn)
 v - a +0 cloak
 w - a +0 leather armour
 B - a +2 cloak
Jewellery
 g - a ring of ice
 i - a ring of willpower (left hand)
 s - a ring of wizardry
Wands
 y - a wand of paralysis (1)
Scrolls
 e - a scroll of fog {unknown}
 m - a scroll of identify {unknown}
 n - a scroll of enchant weapon {unknown}
 r - a scroll of teleportation {unknown}
 u - a scroll of vulnerability {unknown}
 z - 2 scrolls of fear {unknown}
Potions
 f - a potion of curing {unknown}
 h - a potion of flight
 j - a potion of heal wounds {unknown}
 k - 3 potions of might
 l - a potion of magic {unknown}
 q - a potion of lignification {unknown}


   Skills:
 + Level 3.5 Fighting
 * Level 8.3 Axes
 - Level 1.7 Throwing
 - Level 4.2 Armour
 - Level 2.7 Dodging


You had 7 spell levels left.
You didn't know any spells.
Your spell library contained the following spells:

 Spells                   Type           Power      Damage    Failure   Level
 Sting                    Tmut/Pois      0%         1d3       69%         1
 Corpse Rot               Necr/Air       0%         N/A       80%         2
 Ensorcelled Hibernation  Hex/Ice        0%         N/A       80%         2
 Passwall                 Tmut/Erth      0%         N/A       80%         2
 Poisonous Vapours        Pois/Air       0%         N/A       80%         2
 Conjure Flame            Conj/Fire      0%         6-21      94%         3
 Ignite Poison            Fire/Tmut/Pois 0%         N/A       94%         3
 Swiftness                Air            0%         N/A       94%         3
 Dispel Undead            Necr           0%         3d6       100%        4
 Olgreb's Toxic Radiance  Pois           0%         N/A       100%        4
 Sticky Flame             Conj/Fire      0%         2d3       100%        4
 Death Channel            Necr           0%         N/A       100%        6


Dungeon Overview and Level Annotations

Branches:
Dungeon (6/15)             Temple (0/1) D:5

Altars:
Ashenzari
Fedhas
Makhleb
Yredelemnul
Jiyva

Shops:
D:3 *   D:4 (   D:5 *

Annotations:
D:3 3 runed translucent doors, Ironcache's ghost, amateur BaSu


Innate Abilities, Weirdness & Mutations

Your movements are less encumbered by armour. (ER -4)
You have a small tail.
Your spells are much harder to cast, but much more powerful.
You have a small jelly attached to you that senses nearby items.


Message History

You closely miss the killer bee.
The killer bee is almost dead.
You closely miss the killer bee.
You hit the killer bee. x2; You feel sick.
The killer bee stings you. The killer bee barely misses you.
The killer bee stings you. The killer bee closely misses you.
The killer bee stings you.
You are more poisoned.
The killer bee poisons you!
The killer bee stings you but does no damage.
The killer bee barely misses you. The killer bee closely misses you.
The killer bee stings you but does no damage.
The killer bee stings you.
You are more poisoned.
The killer bee poisons you! The killer bee stings you!
You are more poisoned.
The killer bee poisons you! The killer bee stings you.
You are lethally poisoned!
The killer bee poisons you!
Okay, then.
Okay, then.
It was a potion of flight.
You feel more buoyant.
* * * LOW HITPOINT WARNING * * *
You feel extremely sick. The killer bee misses you.
The killer bee barely misses you. x2
The killer bee closely misses you. x2; The killer bee stings you.
* * * LOW HITPOINT WARNING * * *
You are more poisoned.
The killer bee poisons you! The killer bee stings you.
* * * LOW HITPOINT WARNING * * *
You are more poisoned.
The killer bee poisons you! The killer bee stings you.
* * * LOW HITPOINT WARNING * * *
The killer bee closely misses you. The killer bee stings you.
* * * LOW HITPOINT WARNING * * *
You are more poisoned.
The killer bee poisons you!
It was a potion of might.
You feel very mighty all of a sudden.
You die...

..... #........
...#.##.......# ..
..............##..
..............#....
..................
......"..........#
....#.yyy....###.# .##
.?...yy@.$.......# ...
#.....y##......## ...#
##....s.#..##..# #...##
##............##.....##
#..............##.....
....#..##..............
........................
........................
.###..#....##.#......


You could see a scorpion and 6 killer bees.

Vanquished Creatures
  Eustachio (D:5)
  2 water moccasins (D:6)
  An ogre (D:6)
  A black bear (D:5)
  A centaur (D:5)
  A phantom (D:5)
  3 scorpions
  A water moccasin zombie (D:6)
  A bullfrog zombie (D:6)
  2 hounds
  An orc priest (D:5)
  A bullfrog skeleton (D:5)
  An iguana (D:6)
  Ijyb (D:5)
  2 orc wizards (D:5)
  A scorpion zombie (D:5)
  3 gnolls (D:3)
  A howler monkey skeleton (D:5)
  6 adders
  A shadow imp (D:5)
  An adder skeleton (D:4)
  A worm (D:4)
  8 orcs
  7 ball pythons
  5 endoplasms
  3 giant cockroaches
  14 goblins
  5 hobgoblins
  3 jackals (D:4)
  7 kobolds
  4 quokkas
  4 bats
  4 frilled lizards
  2 rats
100 creatures vanquished.

Vanquished Creatures (others)
  A jelly (D:5)
  2 orc priests (D:5)
  An iguana (D:5)
  An orc wizard (D:5)
  A dart slug (D:4)
  5 orcs (D:5)
  An endoplasm (D:3)
  A goblin (D:4)
  2 plants (D:5)
15 creatures vanquished.

Grand Total: 115 creatures vanquished

Notes
Turn   | Place    | Note
-------+----------+-------------------------------------------
     0 | D:1      | crazypyro the Demonspawn Gladiator began the quest for the
                  | Orb.
     0 | D:1      | Reached XP level 1. HP: 16/16 MP: 1/1
   278 | D:1      | Reached skill level 3 in Axes
   633 | D:1      | Gained mutation: Your movements are slightly less
                  | encumbered by armour. (ER -2) [demonic ancestry]
   633 | D:1      | Reached XP level 2. HP: 21/22 MP: 2/2
  1491 | D:2      | Reached XP level 3. HP: 27/27 MP: 3/3
  1634 | D:2      | Found a faded altar of an unknown god.
  1656 | D:2      | Reached skill level 1 in Armour
  1937 | D:2      | Prayed at the altar of an unknown god.
  1937 | D:2      | Became a worshipper of Jiyva Jidoo the Shapeless
  1937 | D:2      | Reached * piety under Jiyva
  2172 | D:3      | Found a runed translucent gate.
  2172 | D:3      | Found a runed translucent gate.
  2172 | D:3      | Found a runed translucent gate.
  2172 | D:3      | Noticed Ironcache's ghost (amateur BaSu)
  2179 | D:3      | Reached skill level 4 in Axes
  2316 | D:3      | Reached ** piety under Jiyva
  2476 | D:3      | Found a broken altar of Ashenzari.
  2476 | D:3      | Found a basalt altar of Yredelemnul.
  2483 | D:3      | Reached XP level 4. HP: 33/33 MP: 4/4
  2606 | D:3      | Found Xacvyura's Assorted Antiques.
  2983 | D:4      | Noticed a scorpion
  2997 | D:4      | Killed a scorpion
  2998 | D:4      | Gained mutation: Your movements are less encumbered by
                  | armour. (ER -4) [demonic ancestry]
  2998 | D:4      | Reached XP level 5. HP: 6/38 MP: 5/5
  3046 | D:4      | Reached skill level 5 in Axes
  3470 | D:4      | Identified the +4 long sword "Meudgham" {venom, *Noise
                  | Dex+9}
  3584 | D:4      | Reached *** piety under Jiyva
  3737 | D:4      | Identified the +4 hunting sling "Eboixy" {venom, Fly Will+
                  | Dex+6}
  3764 | D:4      | Gained mutation: You have a small jelly attached to you
                  | that senses nearby items. [Jiyva's grace]
  3764 | D:4      | Gained mutation: Your spells are a little harder to cast,
                  | but a little more powerful. [Jiyva's grace]
  3764 | D:4      | Gained mutation: Your spells are harder to cast, but more
                  | powerful. [Jiyva's grace]
  3764 | D:4      | Gained mutation: Your spells are much harder to cast, but
                  | much more powerful. [Jiyva's grace]
  4320 | D:4      | Found Suophov's Antique Weapon Boutique.
  4557 | D:5      | Entered Level 5 of the Dungeon
  4557 | D:5      | Noticed a black bear
  4565 | D:5      | Killed a black bear
  4566 | D:5      | Reached XP level 6. HP: 44/44 MP: 6/6
  4573 | D:5      | Found a blossoming altar of Fedhas.
  4573 | D:5      | Noticed Ijyb
  4587 | D:5      | Paralysed by Ijyb for 4 turns
  4588 | D:5      | Killed Ijyb
  4589 | D:5      | Reached skill level 6 in Axes
  4688 | D:5      | Reached XP level 7. HP: 50/50 MP: 7/7
  4744 | D:5      | Found a burning altar of Makhleb.
  4746 | D:5      | Reached **** piety under Jiyva
  4851 | D:5      | Found Remackogh's Assorted Antiques.
  4888 | D:5      | Found a staircase to the Ecumenical Temple.
  4951 | D:4      | Bought a scorched broad axe for 189 gold pieces
  4951 | D:4      | Identified the +6 broad axe "Itoptir" {pain, Fly Int+4
                  | Dex+3} (You bought it in a shop on level 4 of the Dungeon)
  5032 | D:5      | Noticed Eustachio
  5045 | D:5      | Killed Eustachio
  5046 | D:5      | Reached skill level 7 in Axes
  5407 | D:6      | Gained mutation: You have a small tail. [demonic ancestry]
  5407 | D:6      | Reached XP level 8. HP: 56/57 MP: 8/8
  5463 | D:6      | Reached skill level 8 in Axes
  5517 | D:6      | Succumbed to a killer bee's poison

Illustrated notes

Levels and vault maps discovered:
D:1:      dpeg_cavernosity, layout_loops_ring
D:2:      layout_basic, basic_ecumenical_altar, st_stairs_10
D:3:      layout_basic, gammafunk_temple_overflow_pools, serial_shops, shop,
          gammafunk_ghost_necromancy
D:4:      layout_loops_corners, serial_shops, nicolae_shop_crystal,
          grunt_decor_junction
D:5:      layout_gridville, kennysheep_mini, fedhas_bush_and_centaur_altar,
          minmay_temple_entry_drinking_statues, serial_shops,
          nicolae_shop_overgrown_old_shop, chequers_jeans, uniq_eustachio,
          uniq_ijyb
D:6:      layout_cave_pools, gammafunk_ghost_stat_death

Skill      XL: |  1  2  3  4  5  6  7  8 |
---------------+-------------------------+-----
Axes           | 3 4 5 6 7 8 |  8.3
Armour         | 1 2 3 4 |  4.2
Fighting       | 3 |  3.5
Throwing       | |  1.7
Dodging        | |  2.7

Action                   |  1- 3 |  4- 6 |  7- 9 || total
-------------------------+-------+-------+-------++-------
Melee: War axe           |   134 |    65 |       ||   199
       Punch             |     2 |     2 |     5 ||     9
       Long sword        |       |    44 |    23 ||    67
       Broad axe         |       |       |    54 ||    54
       Tailslap          |       |       |     4 ||     4
 Fire: Hunting sling     |       |     7 |       ||     7
Throw: Throwing net      |       |     1 |       ||     1
  Use: Potion            |       |       |     2 ||     2
 Stab: Sleeping          |     2 |       |       ||     2
Armor: Leather armour    |    42 |     8 |       ||    50
       Scale mail        |       |    34 |    37 ||    71
Dodge: Dodged            |    98 |    69 |    67 ||   234
